[Event "45th FIDE Olympiad 2024"]
[Site "Budapest"]
[Date "2024.09.14"]
[Round "4.46"]
[White "Colindres, Daniel"]
[Black "Erfan Mohamad Firdaus"]
[Result "0-1"]
[ECO "C56"]
[WhiteElo "2079"]
[BlackElo "1758"]
[PlyCount "136"]
[EventDate "2024.09.05"]
[EventType "team-tourn"]
[EventCountry "HUN"]
[WhiteTeam "Honduras"]
[BlackTeam "Qatar"]
[WhiteTeamCountry "HON"]
[BlackTeamCountry "QAT"]
[TimeControl "40/5400+30:1800+30"]

1. e4 e5 2. Nf3 Nc6 3. d4 exd4 4. Bc4 Nf6 5. e5 d5 6. Bb5 Nd7 7. O-O Be7 8. Re1 O-O 9. Nbd2 a6 10. Bxc6 bxc6 11. Nxd4 Nb8 12. Qf3 Re8 13. Nf1 c5 14. Nf5 Bf8 15. N1g3 Nc6 16. Bf4 Be6 17. Qh5 g6 18. Nh6+ Kh8 19. Qf3 Nd4 20. Qd3 g5 21. Bc1 Bxh6 22. c3 Nc6 23. h4 gxh4 24. Nh5 Bg7 25. Bh6 Rg8 26. Bxg7+ Rxg7 27. Nxg7 Kxg7 28. f4 Qd7 29. Qe3 Rg8 30. Qf2 h3 31. gxh3 Kh8+ 32. Kh2 Bxh3 33. Rg1 Bg4 34. Rg3 Rg6 35. Qxc5 Ne7 36. Rag1 h5 37. Rd3 Qd8 38. Rg2 c6 39. c4 Nf5 40. Qf2 Qh4+ 41. Qxh4 Nxh4 42. Rf2 dxc4 43. Rd6 Kg7 44. Rc2 Nf3+ 45. Kh1 Rxd6 46. exd6 Kf6 47. Rxc4 Bd7 48. Ra4 Bc8 49. d7 Bxd7 50. Rxa6 Ke6 51. Ra5 h4 52. Kg2 Ne1+ 53. Kh3 Nd3 54. b3 Nxf4+ 55. Kxh4 Nd5 56. Rc5 f5 57. a3 Kd6 58. Rc4 c5 59. Kg5 Ne3 60. Rc3 f4 61. Rd3+ Nd5 62. Rd2 Ke5 63. Rc2 f3 64. a4 Kd4 65. Rd2+ Ke4 66. a5 Bb5 67. Kg4 Ne3+ 68. Kh3 Be2 {0-} 0-1

[Event "45th FIDE Olympiad 2024"]
[Site "Budapest"]
[Date "2024.09.14"]
[Round "4.47"]
[White "Kantans, Toms"]
[Black "Sanal, Vahap"]
[Result "1/2-1/2"]
[ECO "C41"]
[WhiteElo "2486"]
[BlackElo "2581"]
[Annotator "TA"]
[PlyCount "148"]
[EventDate "2024.09.05"]
[EventType "team-tourn"]
[EventCountry "HUN"]
[SourceTitle "playchess.com"]
[Source "ChessBase"]
[SourceQuality "1"]
[WhiteTeam "Latvia"]
[BlackTeam "Turkiye"]
[WhiteTeamCountry "LAT"]
[TimeControl "40/5400+30:1800+30"]

1. e4 d6 2. d4 Nf6 3. Nc3 e5 4. Nf3 Nbd7 5. Bc4 Be7 6. O-O O-O 7. Re1 c6 8. a4 h6 {[%emt 0:03:27] is the new trend.} 9. h3 Re8 10. a5 {[%emt 0:12:41] C41: Philidor Defence.} Rb8 11. Be3 b5 12. axb6 axb6 13. d5 Bb7 14. Ra7 b5 15. Rxb7 Rxb7 16. dxc6 bxc4 17. cxb7 Qc7 18. Nd2 Rb8 $146 ({Predecessor:} 18... Qxb7 19. Nxc4 Qb4 20. Qd3 d5 21. exd5 e4 22. Qe2 Rc8 23. Nd2 Qxb2 24. Ncxe4 Rxc2 25. d6 Bf8 26. Qd3 Rc1 27. Rxc1 Qxc1+ 28. Kh2 Qc6 29. Nxf6+ {½-½ Hamblok,R (2320)-Hopman,P (2335) Wachtebeke 2017 (2)}) 19. Qa1 Rxb7 20. Rb1 Rb4 21. Qa3 Qb7 22. f3 Bf8 23. Qa7 Qc6 24. Qa5 Rb8 25. Qa4 Qxa4 26. Nxa4 d5 27. exd5 Nxd5 28. Nxc4 Rb4 29. b3 Rxc4 30. bxc4 Nxe3 31. Rb7 Nc5 32. Nxc5 Bxc5 33. Rb5 Bd4 (33... Nxc4+ 34. Rxc5 Na3 35. Rc8+ (35. Rxe5 Nxc2 36. Re8+ Kh7 $18) 35... Kh7 36. c4 $18) 34. c5 Nxc2+ (34... Nd5+ $11 35. Kf1 Ne7) 35. Kh1 $16 Kf8 36. c6 Ke7 37. Rd5 $1 Bb6 {[%emt 0:06:06] [#]} 38. c7 $1 Bxc7 39. Rc5 Nd4 40. Rxc7+ Kf6 41. h4 h5 42. Kg1 g6 43. Kf2 Nf5 44. g3 Ke6 45. Ra7 Kf6 46. Ra6+ Ke7 47. Ra1 Kf6 48. Rh1 (48. Ra7 $16) 48... Nh6 (48... g5 $1 $11 {remains equal.}) 49. Ke2 (49. Rd1 $16) 49... Nf5 $11 50. Rh3 Nh6 51. Kd3 Ke6 52. Rh2 Kd5 53. Ra2 Nf5 {[%emt 0:00:12] [#]} 54. Ra5+ (54. Rg2 $1 $16) 54... Ke6 $11 55. Ra6+ Kd5 56. Rf6 Nxg3 57. Rxf7 Nf5 58. Ra7 Nxh4 59. Ra5+ $1 Ke6 60. Ke4 Kf6 61. Ra6+ Kg5 62. Rb6 Nf5 63. Kxe5 h4 64. f4+ Kh5 65. Ke4 h3 66. Kf3 Nd4+ 67. Kf2 Nf5 68. Kg1 Nh4 69. Rf6 Kg4 70. Kh2 Nf3+ 71. Kh1 Nh4 72. Rf8 Ng2 73. f5 gxf5 74. Kh2 Nf4 1/2-1/2

[Event "45th FIDE Olympiad 2024"]
[Site "Budapest"]
[Date "2024.09.14"]
[Round "4.47"]
[White "Al Qassabi, Mohammed"]
[Black "Soliz Gabarrete, Luis Fernando"]
[Result "0-1"]
[ECO "B13"]
[WhiteElo "1521"]
[BlackElo "1920"]
[PlyCount "76"]
[EventDate "2024.09.05"]
[EventType "team-tourn"]
[EventCountry "HUN"]
[WhiteTeam "Qatar"]
[BlackTeam "Honduras"]
[WhiteTeamCountry "QAT"]
[BlackTeamCountry "HON"]
[TimeControl "40/5400+30:1800+30"]

1. e4 c6 2. d4 d5 3. exd5 cxd5 4. Bd3 Nc6 5. c3 Nf6 6. h3 e5 7. dxe5 Nxe5 8. Nf3 Nxd3+ 9. Qxd3 Bd6 10. O-O O-O 11. Bg5 h6 12. Bh4 g5 13. Bg3 Bxg3 14. fxg3 Ne4 15. Nd4 f5 16. Nd2 Qd6 17. Nxe4 dxe4 18. Qc4+ Kg7 19. Ne2 Be6 20. Qd4+ Qxd4+ 21. Nxd4 Bd7 22. Rad1 Rae8 23. Nc2 Bb5 24. Rfe1 f4 25. gxf4 gxf4 26. Rd4 Rf7 27. a4 Bc6 28. Nb4 f3 29. Rf1 e3 30. gxf3 Bxf3 31. Nd3 Kh7 32. Rf4 Rg7+ 33. Kh2 Be2 34. Ne1 Bxf1 35. Rxf1 e2 36. Rh1 Rf8 37. Nd3 Rf1 38. Ne1 Rf2+ {0-} 0-1

[Event "45th FIDE Olympiad 2024"]
[Site "Budapest"]
[Date "2024.09.14"]
[Round "4.48"]
[White "Can, Emre"]
[Black "Starostits, Ilmars"]
[Result "0-1"]
[ECO "D12"]
[WhiteElo "2547"]
[BlackElo "2344"]
[Annotator "TA"]
[PlyCount "70"]
[EventDate "2024.09.05"]
[EventType "team-tourn"]
[EventCountry "HUN"]
[SourceTitle "playchess.com"]
[Source "ChessBase"]
[SourceQuality "1"]
[WhiteTeam "Turkiye"]
[BlackTeam "Latvia"]
[BlackTeamCountry "LAT"]
[TimeControl "40/5400+30:1800+30"]

1. d4 d5 2. c4 c6 3. Nf3 Nf6 4. e3 Bf5 5. Nc3 e6 6. Nh4 Bg6 7. Bd2 Nbd7 8. Nxg6 hxg6 9. Qb3 {[%emt 0:04:31] The position is equal.} Qc7 10. g3 Be7 11. Bg2 Nb6 12. cxd5 exd5 13. O-O Nc4 14. Be1 Nd6 15. f3 Nf5 (15... Qb6 $11 {keeps the balance.}) 16. Bf2 $16 O-O-O 17. Rfd1 Bd6 {[%emt 0:13:25] [#]} (17... Nd6 $16 {was called for.}) 18. Nb5 Qb6 $14 (18... cxb5 $2 19. Rac1 $18) 19. Nxd6+ Nxd6 20. Qc2 Rde8 21. Rd3 Qc7 22. Rc1 g5 23. g4 (23. h3 $14) 23... Nde4 $1 $11 24. fxe4 Qxh2+ 25. Kf1 Nxe4 {[%emt 0:02:14] And now ...Re6 would win.} 26. Ra3 $2 (26. Be1 $11) 26... Rh6 $19 27. Bxe4 (27. Qe2 {was the only chance.} Ree6 28. Bxe4 dxe4 (28... Rxe4 29. Qf3 $15) 29. Ke1 (29. Rxa7 $2 Qh1+ 30. Bg1 Ref6+ 31. Ke1 Qxg1+ 32. Kd2 Qg3 $19)) 27... Rxe4 (27... dxe4 28. Ke2 $18 (28. Rxa7 $2 Qh1+ 29. Bg1 Rf6+ $19)) 28. Ke1 {[%emt 0:06:21] [#]} Qg2 $1 (28... Rxg4 $2 29. Qf5+ (29. Rxa7 $2 Rf6 $19) 29... Re6 30. Qxg4 $18) 29. Qe2 Rxg4 ({Weaker is} 29... Qxg4 30. Qxg4+ (30. Rxa7 $2 {is the wrong capture.} Rh1+ 31. Kd2 Qxe2+ 32. Kxe2 Rxc1 $19) 30... Rxg4 31. Ke2 $11 (31. Rxa7 Rh1+ 32. Kd2 Rh2 $11)) (29... Rh2 $19 {Hoping for ...Re6.} 30. Rxa7 Kb8 (30... Qxg4 31. Rxc6+ Kd8 32. Rd6+)) 30. Kd1 $2 {[%emt 0:05:09][%mdl 8192] White is weak on the light squares. This costs White the game.} (30. Kd2 $17 {was the crucial defense.} Rh2 31. Rf1) 30... Qe4 {[%emt 0:01:08] Strongly threatening ...Rg2. Black is clearly winning.} 31. Kd2 Rh2 {[%emt 0:01:17] aiming for ...Rgg2.} 32. Rf1 Rgg2 {[%emt 0:00:27] ...g4 would now be deadly.} 33. Rxa7 Qf5 34. Ra8+ Kd7 35. Rf8 (35. Ke1 $142 Qb1+ 36. Kd2 Qxf1 (36... Qxb2+ $2 37. Kd3 $19) 37. Qxf1 Rxf2+ 38. Ke1 Rxf1+ 39. Kxf1) 35... Rxf2 {[%emt 0:00:45] Weighted Error Value: White=0.66/Black=0.31.  Loses game:     	White=2     	---        Missed win:     	---       	Black=1      Mistake:       	White=4     	Black=2      Inaccurate:     	White=1     	---        OK:         	White=8     	Black=12     Best:        	White=2     	Black=1      Strong:       	---       	Black=2} 0-1

[Event "45th FIDE Olympiad 2024"]
[Site "Budapest"]
[Date "2024.09.14"]
[Round "4.48"]
[White "Zuniga Garcia, German"]
[Black "Al-Kuwari, Turki"]
[Result "1-0"]
[ECO "A34"]
[WhiteElo "1877"]
[BlackElo "1577"]
[PlyCount "86"]
[EventDate "2024.09.05"]
[EventType "team-tourn"]
[EventCountry "HUN"]
[WhiteTeam "Honduras"]
[BlackTeam "Qatar"]
[WhiteTeamCountry "HON"]
[BlackTeamCountry "QAT"]
[TimeControl "40/5400+30:1800+30"]

1. e4 c5 2. Nf3 g6 3. c4 Bg7 4. Nc3 Nc6 5. g3 d6 6. Bg2 Nf6 7. O-O O-O 8. h3 e5 9. d3 h6 10. a3 Be6 11. Rb1 Nd4 12. b4 b6 13. Nh4 g5 14. Nf5 Rc8 15. Nxg7 Kxg7 16. f4 Nh7 17. fxg5 hxg5 18. b5 f6 19. Ne2 Nxe2+ 20. Qxe2 Qd7 21. g4 Rh8 22. Qf3 Qe7 23. Rb2 Rcf8 24. a4 Ra8 25. Rbf2 Rhf8 26. Qe3 Rf7 27. h4 Raf8 28. Bf3 Qd7 29. Rg2 Kg8 30. Kf2 Rg7 31. Rh1 Kf7 32. Ke1 Ke8 33. Qf2 Kd8 34. a5 Rgg8 35. Qa2 gxh4 36. axb6 axb6 37. Rxh4 Ng5 38. Bd1 Rf7 39. Qa1 Rh7 40. Bxg5 fxg5 41. Qa8+ Kc7 42. Qa7+ Kc8 43. Rxh7 Qxa7 1-0

[Event "45th FIDE Olympiad 2024"]
[Site "Budapest"]
[Date "2024.09.14"]
[Round "4.49"]
[White "Rodrigue-Lemieux, Shawn"]
[Black "Theodorou, Nikolas"]
[Result "1/2-1/2"]
[ECO "B31"]
[WhiteElo "2509"]
[BlackElo "2619"]
[Annotator "TA"]
[PlyCount "114"]
[EventDate "2024.09.05"]
[EventType "team-tourn"]
[EventCountry "HUN"]
[SourceTitle "playchess.com"]
[Source "ChessBase"]
[SourceQuality "1"]
[WhiteTeam "Canada"]
[BlackTeam "Greece"]
[WhiteTeamCountry "CAN"]
[BlackTeamCountry "GRE"]
[TimeControl "40/5400+30:1800+30"]

1. e4 c5 2. Nf3 Nc6 3. Bb5 Nf6 4. Nc3 g6 5. O-O Bg7 6. Re1 O-O 7. e5 Ne8 8. Bxc6 dxc6 9. d3 Nc7 10. Ne4 b6 {[%emt 0:01:55] B31: Sicilian: 2...Nc6 3 Bb5 g6.} 11. h3 f5 12. Nc3 Ne6 13. a4 a5 $146 ({Predecessor:} 13... Qc7 14. b3 Nd4 15. Bf4 Be6 16. Nxd4 cxd4 17. Ne2 c5 18. Qd2 Bd5 19. Bh6 Bxe5 20. Bxf8 Rxf8 {1-0 Ma,Q (2606)-Cornette,M (2591) NZL-ch blitz 123rd 2016 (4)}) 14. Ne2 f4 15. d4 Ba6 16. c3 Qd5 17. b3 c4 18. bxc4 Bxc4 19. Ba3 Rf7 20. Nc1 Raf8 21. Rb1 b5 22. Nb3 Ra8 23. Qc2 Qd7 24. Nbd2 Bd5 25. Qb2 Nc7 26. Bc5 Rff8 27. Qc2 Ne6 28. Ba3 Rfb8 29. Rb2 Rb7 30. Reb1 Rab8 31. Qd3 Bf8 32. Kh2 Ng7 33. Nb3 Ne6 34. axb5 (34. Nxa5 $6 Ra7 $11) 34... cxb5 35. Nxa5 Ra7 {[%emt 0:00:02] [#]} 36. Bb4 $1 (36. Rxb5 Rxb5 37. Rxb5 (37. Qxb5 Qxb5 38. Rxb5 Nc7 $15) 37... Nc7 38. Rxd5 (38. Rc5 e6 $11) 38... Nxd5 $11) 36... Rba8 {[%emt 0:00:22] [#]} 37. Nb3 $1 Ra2 38. Nc5 Qc6 39. Nxe6 Bxe6 40. Qd2 Qe4 41. Re1 (41. Ng5 $2 Qxb1 42. Rxb1 Rxd2 $19) (41. Rxa2 $16 Rxa2 42. Rb2 Rxb2 43. Qxb2) 41... Qf5 $11 42. Re2 Rxb2 43. Qxb2 Qh5 (43... Ra2 44. Qxa2 Bxa2 45. Rxa2 $16) 44. Qd2 g5 45. d5 Bxh3 $1 46. gxh3 Qxf3 47. d6 h5 $2 (47... Ra1 $2 48. Re1 Rxe1 49. Qxe1 exd6 50. exd6 $18) (47... g4 $1 $11 {and Black is okay.} 48. hxg4 (48. dxe7 g3+ 49. fxg3 Qxg3+ 50. Kh1 Ra1+) 48... Qxg4 49. Qd5+ (49. dxe7 $2 f3 $19) 49... Kg7) 48. dxe7 $18 Bxe7 49. Bxe7 g4 50. Re1 Kh7 51. Bf6 $2 (51. Qc2+ $18 Kh6 52. h4 Qh3+ 53. Kg1) 51... Rg8 $2 (51... g3+ $11 52. fxg3 Qxg3+ 53. Kh1 Rg8 54. Qd7+ Kh6 55. Bg5+ (55. Qd2 $2 Qxh3+ 56. Qh2 Qf3+) 55... Qxg5 (55... Kxg5 $2 56. Rg1 $18) (55... Rxg5 56. Qd6+ Kh7 57. Qd7+ Rg7 58. Qf5+ Qg6 59. Qxg6+ Kxg6 60. Rg1+ Kf7 61. Rxg7+ Kxg7 62. Kg2 $11) 56. Qc6+ Rg6) 52. Qd7+ $2 (52. Qc2+ $18 Kh6 53. hxg4 Rxg4 54. Rg1 Rxg1 55. Kxg1 Qg4+ 56. Kh2) 52... Kh6 $11 53. Bg5+ $1 (53. Qxb5 $2 g3+ (53... Qxf2+ 54. Kh1 Qxe1+ 55. Kh2 g3+ 56. Kg2 Qf2+ 57. Kh1 Qh2#) 54. Kg1 gxf2+ 55. Kh2 Qg2#) 53... Rxg5 (53... Kxg5 $5 54. Qe7+ $8 (54. Qxb5 g3+ 55. fxg3 fxg3+ 56. Kg1 Qf2+ 57. Kh1 Qh2#) 54... Kg6 55. Qe6+ Kh7 56. Qf7+ Rg7 57. Qxh5+ Kg8 58. Qe8+ Kh7 59. Qh5+ Kg8 60. Qe8+ Kh7 61. Qh5+ $11) 54. Qd6+ Kh7 (54... Rg6 $5 55. Qf8+ $8 Rg7 56. Qh8+ Kg6 57. Qe8+ Rf7 58. Qg8+ (58. Qxb5 Qxf2+ 59. Kh1 Qxe1+ 60. Kh2 g3+ 61. Kg2 f3#) 58... Rg7 59. Qe6+ Kh7 60. Qf5+ Rg6 61. Qf7+ (61. Qxh5+ Kg7 62. hxg4 Qxf2+ 63. Kh1 f3 64. Rg1 Rh6) 61... Kh6 62. Qf8+ Kg5 63. Qd8+ Kf5 64. Qf8+ Ke6 65. Qe8+ Kf5 66. Qc8+ (66. Qxb5 $2 g3+ 67. Kg1 gxf2+ 68. Kh2 Qg2#) 66... Kg5 67. Qd8+ Kh6 68. Qf8+ $11) 55. Qd7+ Kh6 56. Qd6+ Kh7 (56... Rg6 $5 57. Qf8+ $8 Rg7 58. Qh8+ Kg6 59. Qe8+ Rf7 60. Qg8+ (60. Qxb5 g3+ 61. fxg3 fxg3+ 62. Kg1 Qf2+ 63. Kh1 Qh2#) 60... Rg7 61. Qe6+ Kh7 62. Qf5+ Rg6 63. Qf7+ (63. Qxh5+ Kg7 64. hxg4 Qxf2+ 65. Kh1 f3 66. Rg1 Rh6) 63... Kh6 64. Qf8+ Rg7 65. Qh8+ Kg6 66. Qe8+ Rf7 67. Qg8+ (67. Qxb5 g3+ 68. fxg3 fxg3+ 69. Kg1 Qf2+ 70. Kh1 Qh2#) 67... Kh6 68. Qh8+ Kg6 69. Qg8+ $11) 57. Qd7+ Kh6 (57... Rg7 $5 58. Qf5+ $8 (58. Qxb5 $2 {leads to mate.} g3+ 59. Kg1 gxf2+ 60. Kh2 Qg2#) 58... Rg6 59. Qf7+ (59. Qxh5+ Kg7 60. hxg4 Qxf2+ 61. Kh1 f3 62. Rg1 Rh6) 59... Kh6 60. Qf8+ Kg5 61. Qd8+ Kh6 62. Qh8+ Kg5 63. Qd8+ Kf5 64. Qd7+ Re6 65. Qf7+ (65. Qxb5 {gets mated.} g3+ 66. fxg3 fxg3+ 67. Kg1 Qf2+ 68. Kh1 Qh2#) 65... Kg5 66. Qg8+ (66. Qxe6 {is a self mate.} g3+ 67. fxg3 fxg3+ 68. Kg1 Qf2+ 69. Kh1 Qh2#) 66... Rg6 67. Qd8+ $11) 1/2-1/2

[Event "45th FIDE Olympiad 2024"]
[Site "Budapest"]
[Date "2024.09.14"]
[Round "4.49"]
[White "Haidary, Hameedullah"]
[Black "Fancy, Stuart"]
[Result "0-1"]
[ECO "B22"]
[WhiteElo "2192"]
[BlackElo "1921"]
[PlyCount "152"]
[EventDate "2024.09.05"]
[EventType "team-tourn"]
[EventCountry "HUN"]
[WhiteTeam "Afghanistan"]
[BlackTeam "Papua New Guinea"]
[WhiteTeamCountry "AFG"]
[BlackTeamCountry "PNG"]
[TimeControl "40/5400+30:1800+30"]

1. e4 c5 2. Nf3 e6 3. c3 Nf6 4. e5 Nd5 5. d4 cxd4 6. cxd4 d6 7. Bb5+ Bd7 8. Bxd7+ Nxd7 9. O-O dxe5 10. dxe5 Be7 11. Nbd2 O-O 12. Ne4 Nc5 13. Qe2 h6 14. Bd2 Qb6 15. b3 Rfd8 16. Rac1 a5 17. Rc4 Rac8 18. Rfc1 Qa6 19. Qf1 b6 20. Nxc5 Bxc5 21. h3 Nb4 22. a3 Nd3 23. R4c3 Rc7 24. Kh2 Rcd7 25. Ra1 Qb7 26. Be1 Qb8 27. Ra2 Nxe5 28. Nxe5 Qxe5+ 29. f4 Qf6 30. Qf3 Rd1 31. Bf2 Rf1 32. Rxc5 bxc5 33. Bh4 Rxf3 34. Bxf6 gxf6 35. gxf3 Rd3 36. Kg3 Rxb3 37. Rc2 Rxa3 38. Rxc5 a4 39. Rc8+ Kg7 40. f5 Ra1 41. Ra8 a3 42. h4 a2 43. Kg2 exf5 44. h5 f4 45. Kh2 f5 46. Ra6 Kf8 47. Kg2 Ke8 48. Kh2 Kd7 49. Kg2 Kc7 50. Kh2 Kb7 51. Ra3 Kc6 52. Kg2 Kd5 53. Ra8 Ke5 54. Ra6 Re1 55. Rxa2 Kf6 56. Ra8 Re2+ 57. Kg1 Kg5 58. Rg8+ Kxh5 59. Rg7 f6 60. Rg8 Kh4 61. Rg7 h5 62. Rg8 Kh3 63. Rg6 h4 64. Rg8 Rb2 65. Rg7 Rb3 66. Kf2 Rb8 67. Rg6 Rb2+ 68. Kg1 Rb1+ 69. Kf2 Kh2 70. Rg2+ Kh1 71. Rg8 h3 72. Rg7 Rb2+ 73. Kf1 Rg2 74. Rf7 Kh2 75. Rxf6 Kg3 76. Rh6 h2 {0-} 0-1

[Event "45th FIDE Olympiad 2024"]
[Site "Budapest"]
[Date "2024.09.14"]
[Round "4.50"]
[White "Kourkoulos-Arditis, Stamatis"]
[Black "Thavandiran, Shiyam"]
[Result "1/2-1/2"]
[ECO "C02"]
[WhiteElo "2570"]
[BlackElo "2388"]
[Annotator "TA"]
[PlyCount "133"]
[EventDate "2024.09.05"]
[EventType "team-tourn"]
[EventCountry "HUN"]
[SourceTitle "playchess.com"]
[Source "ChessBase"]
[SourceQuality "1"]
[WhiteTeam "Greece"]
[BlackTeam "Canada"]
[WhiteTeamCountry "GRE"]
[BlackTeamCountry "CAN"]
[TimeControl "40/5400+30:1800+30"]

1. e4 e6 2. d4 d5 3. e5 c5 4. c3 Nc6 5. Nf3 Bd7 6. Be2 Nge7 7. O-O Nf5 8. dxc5 $1 {[%emt 0:00:45] 8.dxc5 is better than 8.Bd3.} Bxc5 9. b4 {[%emt 0:00:28] C02: French: Advance Variation.} Bb6 10. Bd3 O-O 11. Re1 $146 ({Predecessor:} 11. a4 a6 12. Nbd2 Nh4 13. Nxh4 Qxh4 14. Nf3 Qh5 15. Bf4 f6 16. exf6 Rxf6 17. Bg3 {1-0 Nepomniachtchi,I (2770)-Abdusattorov,N (2769) Chess.com SpeedChess blitz 2024 (1.9)}) 11... Nce7 12. a4 Rc8 13. a5 Bc7 14. Nbd2 f6 15. exf6 gxf6 16. c4 Nd6 17. Qb3 Qe8 18. cxd5 Nxd5 19. Nf1 Bb8 20. Bd2 a6 21. Ng3 Qf7 22. Rad1 Rfd8 23. h3 Ba7 24. Ne4 Nb5 $2 (24... Bc6 $11 {and Black stays safe.}) 25. Bb1 $2 (25. Bc4 $18) 25... Kh8 {[%emt 0:01:32] [#]} (25... Qg7 $11 {remains equal.}) 26. Nc5 (26. Bh6 $1 $16 ) 26... Rg8 (26... Bxc5 $11 27. bxc5 Rxc5) 27. Re4 $1 $14 ({Worse is} 27. Nxb7 Ndc3 28. Nc5 (28. Bxc3 $2 Rxc3 29. Rxd7 Qxd7 $19) 28... Nxd1 29. Rxd1 Bc6 $17) 27... Bxc5 28. bxc5 Rxc5 29. Rh4 Rg7 $2 (29... h5 $1 $14) 30. Bh6 $1 $18 Rg6 31. Bxg6 Qxg6 32. Qd3 $2 (32. Rd3 $18 {is the precise move to win.} Rc8 33. Ne1) 32... Qxd3 $16 33. Rxd3 Nd6 34. Rg4 (34. Nd4 $16 Rxa5 35. Rg3) 34... Nf5 (34... e5 $5 35. Rg7 Bb5 $11) 35. Bf8 (35. Bd2 $14) 35... Rxa5 $11 36. Rd1 h5 37. Rc4 Kg8 38. Bc5 Bb5 39. Re4 Kf7 40. Ree1 (40. g4 $11 Bc6 41. Rc4 (41. gxf5 Nc3 $19)) 40... Bc6 $17 41. Be3 Ra3 (41... Nfxe3 $142 42. fxe3 e5) 42. Bd2 a5 43. Ra1 Rxa1 44. Rxa1 a4 45. g4 hxg4 46. hxg4 Nd6 47. Nd4 Bd7 48. Nc2 Nc4 49. Be1 b5 50. f3 e5 51. Kf2 Ke6 52. Nb4 Nf4 53. Bc3 {[%emt 0:01:19] [#]} Nh3+ (53... Nb6 $1 $17 {Threatens to win with ...Nbd5.} 54. Rd1 Nbd5) 54. Kg3 $11 Nf4 ({Black should try} 54... Ng5 $11) 55. Kf2 $1 $17 {[%emt 0:00:09] [#]} Nd5 (55... Nb6 $1 $17 {Strongly threatening ...Nbd5.} 56. Ke1 Kd6) 56. Nxd5 $11 Kxd5 57. Rd1+ Kc6 58. Bb4 e4 59. fxe4 Bxg4 60. Rf1 Bh3 61. Rh1 Be6 62. Ke2 f5 63. Rh6 Kd7 64. Rh7+ Kc6 65. Rh6 Kd7 66. Rh7+ Kc6 67. Rh6 1/2-1/2

[Event "45th FIDE Olympiad 2024"]
[Site "Budapest"]
[Date "2024.09.14"]
[Round "4.50"]
[White "McCoy, Tom"]
[Black "Kanz, Ahmad Safy"]
[Result "0-1"]
[ECO "B22"]
[WhiteElo "1883"]
[BlackElo "1977"]
[PlyCount "56"]
[EventDate "2024.09.05"]
[EventType "team-tourn"]
[EventCountry "HUN"]
[WhiteTeam "Papua New Guinea"]
[BlackTeam "Afghanistan"]
[WhiteTeamCountry "PNG"]
[BlackTeamCountry "AFG"]
[TimeControl "40/5400+30:1800+30"]

1. e4 c5 2. c3 Nf6 3. e5 Nd5 4. Nf3 Nc6 5. Bc4 e6 6. O-O Be7 7. d4 Nb6 8. Bd3 cxd4 9. cxd4 d6 10. Nc3 dxe5 11. dxe5 a6 12. Re1 Nd7 13. Qa4 Nc5 14. Qg4 Qxd3 15. Qxg7 Rf8 16. Bh6 Bd7 17. Rad1 Qf5 18. Nh4 Qh5 19. b4 Nxb4 20. Be3 Qxh4 21. Bxc5 Bxc5 22. Ne4 Be7 23. Nd6+ Bxd6 24. exd6 Nc6 25. g3 Qh5 26. Rb1 O-O-O 27. a4 f6 28. Rxe6 Rf7 {0-} 0-1

[Event "45th FIDE Olympiad 2024"]
[Site "Budapest"]
[Date "2024.09.14"]
[Round "4.51"]
[White "Preotu, Razvan"]
[Black "Papaioannou, Ioannis"]
[Result "1/2-1/2"]
[ECO "A07"]
[WhiteElo "2451"]
[BlackElo "2615"]
[Annotator "TA"]
[PlyCount "89"]
[EventDate "2024.09.05"]
[EventType "team-tourn"]
[EventCountry "HUN"]
[SourceTitle "playchess.com"]
[Source "ChessBase"]
[SourceQuality "1"]
[WhiteTeam "Canada"]
[BlackTeam "Greece"]
[WhiteTeamCountry "CAN"]
[BlackTeamCountry "GRE"]
[TimeControl "40/5400+30:1800+30"]

1. Nf3 d5 2. g3 c6 3. Bg2 Bg4 4. O-O Nd7 5. h3 Bh5 6. d4 {[%emt 0:00:53] A07: Réti Opening: New York and Capablanca Systems.} e6 7. c4 Bd6 8. Qb3 Rb8 9. Nc3 Ngf6 10. cxd5 exd5 11. Nh4 O-O 12. f4 {[%emt 0:02:20] [#]} Ne4 $146 (12... Bg6 $1 $15 {stays ahead.}) ({Predecessor:} 12... Bg6 13. Nxg6 hxg6 14. a4 Re8 15. f5 Nf8 {1-0 Acosta,P (2391)-Toniutti,E (2204) Buenos Aires Guimard Memorial 4th 2016 (7)}) 13. Nxe4 $16 dxe4 14. Nf5 Bc7 15. g4 (15. Bxe4 $6 Bxe2 16. Re1 Ba6 $11) 15... Bg6 16. Ng3 $1 Qh4 17. Nxe4 ({White should play} 17. Bd2 $16) 17... Bxe4 $11 18. Bxe4 Rfe8 19. Qf3 Bb6 (19... Qe7 $11 20. Bd3 c5) 20. e3 $16 c5 21. d5 $1 (21. Bxb7 $2 cxd4 22. Ba6 dxe3 $19) 21... c4 22. Bc2 (22. Kg2 $142) 22... Nc5 (22... c3 $142 23. b3 (23. bxc3 Rbc8 $11) 23... Qe7) 23. Kg2 Nd3 (23... Qe7 $16) 24. Bxd3 $18 cxd3 25. Bd2 Rbc8 26. Rac1 Rxc1 27. Rxc1 ({Worse is} 27. Bxc1 Ba5 28. Qd1 Rc8 29. Qxd3 Be1 $17) 27... Qf6 28. Bc3 Qg6 29. Re1 f5 30. Qg3 (30. Be5 $16) 30... Qf7 $11 31. Kh2 fxg4 32. e4 Bc7 33. Bd2 gxh3 34. Kxh3 {[%emt 0:02:05] [#]} (34. a3 $11 {keeps the balance.}) 34... Rf8 $1 $17 35. Kg4 {[%emt 0:06:36] [#]} Qf6 ({Black should try} 35... h6 $1 $17 {[%cal Og7g5] And now ...g5! would win.} 36. Rf1 Qd7+ 37. Kf3 g5) 36. Rf1 $1 $11 Re8 37. Qxd3 Qg6+ 38. Kf3 h5 39. d6 Bb6 40. Qd5+ Re6 $1 41. e5 (41. Qxb7 $2 Qg4#) 41... Qg4+ 42. Ke4 Qe2+ 43. Kf5 Qg4+ 44. Ke4 Qe2+ 45. Kf5 1/2-1/2

[Event "45th FIDE Olympiad 2024"]
[Site "Budapest"]
[Date "2024.09.14"]
[Round "4.51"]
[White "Asefi, Zaheeruddeen"]
[Black "Jones, Rupert"]
[Result "1/2-1/2"]
[ECO "E11"]
[WhiteElo "1947"]
[BlackElo "1849"]
[PlyCount "84"]
[EventDate "2024.09.05"]
[EventType "team-tourn"]
[EventCountry "HUN"]
[BlackTeam "Papua New Guinea"]
[BlackTeamCountry "PNG"]
[TimeControl "40/5400+30:1800+30"]

1. d4 Nf6 2. c4 e6 3. Nf3 Bb4+ 4. Nbd2 O-O 5. a3 Be7 6. e4 c5 7. d5 d6 8. Be2 e5 9. O-O Ne8 10. Ne1 f5 11. f4 exf4 12. Rxf4 Bg5 13. Rf1 Qe7 14. exf5 Rxf5 15. Ndf3 Be3+ 16. Kh1 Rf8 17. Bd3 Bxc1 18. Qxc1 Bf5 19. Ng5 Bxd3 20. Rxf8+ Qxf8 21. Nxd3 Qf5 22. Qe3 Nf6 23. Kg1 Na6 24. Rf1 Qd7 25. Ne6 Nc7 26. Ndf4 Re8 27. h3 b5 28. b3 a6 29. Re1 Kh8 30. g4 h6 31. Qd3 Kg8 32. Kg2 Qf7 33. Qf5 Nxe6 34. dxe6 Qb7+ 35. Nd5 bxc4 36. bxc4 Qb2+ 37. Kf1 Qd4 38. Nxf6+ Qxf6 39. Kg2 Qb2+ 40. Kh1 Qf6 41. Qd5 Qe7 42. Kg2 Kh8 1/2-1/2

[Event "45th FIDE Olympiad 2024"]
[Site "Budapest"]
[Date "2024.09.14"]
[Round "4.52"]
[White "Kelires, Andreas"]
[Black "Noritsyn, Nikolay"]
[Result "0-1"]
[ECO "A05"]
[WhiteElo "2536"]
[BlackElo "2451"]
[Annotator "ChessBase"]
[PlyCount "104"]
[EventDate "2024.09.05"]
[EventType "team-tourn"]
[EventCountry "HUN"]
[SourceTitle "playchess.com"]
[Source "ChessBase"]
[SourceQuality "1"]
[WhiteTeam "Greece"]
[BlackTeam "Canada"]
[WhiteTeamCountry "GRE"]
[BlackTeamCountry "CAN"]
[TimeControl "40/5400+30:1800+30"]

1. Nf3 d5 2. g3 b6 3. Bg2 Bb7 4. O-O Nf6 5. d3 e6 6. Re1 Bc5 7. d4 Be7 8. c4 c6 9. Nc3 Nbd7 10. Bf4 Nh5 11. Bd2 Nhf6 12. Qb3 O-O 13. cxd5 cxd5 14. Rec1 a6 15. a4 Ne4 16. Be1 Nd6 17. e3 Rc8 18. Bf1 Rc7 19. Na2 Nc4 20. Nd2 Nf6 21. Rab1 Qd7 22. Qd1 Rfc8 23. Nf3 Ne4 24. b3 Na5 25. Ne5 Qd8 26. Rxc7 Rxc7 27. Rc1 Bd6 28. Rxc7 Qxc7 29. Nf3 h5 30. Bd3 g6 31. Qb1 Be7 32. Ne5 Bd6 33. b4 Nc6 34. Nf3 Ne7 35. Nd2 Nxd2 36. Bxd2 h4 37. Be1 e5 38. Nc3 Qd7 39. Qb3 exd4 40. exd4 Qg4 41. b5 a5 42. Bf1 Qxd4 43. Bg2 Bb4 44. Qc2 Qc4 45. Bd2 Nf5 46. Qc1 Nd4 47. Qe1 Ne6 48. Qe5 Qd4 49. Qe1 Qd3 50. Bf1 Qf5 51. Ne2 d4 52. Bxb4 axb4 0-1